omghax, neutral male scurrid Tourist --- .@. ... omghax the Rambler Experience level: 1 Strength: 12 Dexterity: 11 Constitution: 12 Intelligence: 15 Wisdom: 10 Charisma: 15 Health: 9(9) Energy: 2(2) Def: 0 Gold: 856 Moves: 67 Dungeon seed: 8UElBYNaAPeZD4fF Game ID: omghax_1498611927 Your Inventory: Coins $ - 856 gold pieces Weapons a - 50 blessed +2 darts (in quiver) Armor e - an uncursed +0 Hawaiian shirt (being worn) Comestibles b - an uncursed orange c - 2 uncursed candy bars d - 2 uncursed tins of lichen f - an uncursed egg g - 3 uncursed chestnuts h - an uncursed tripe ration i - 2 uncursed fortune cookies Scrolls l - 3 uncursed scrolls of magic mapping m - a blessed scroll of magic mapping Potions j - a blessed potion of extra healing k - an uncursed potion of extra healing Wands p - an uncursed wand of secret door detection (0:14) Tools n - an uncursed expensive camera (0:36) o - an uncursed credit card q - an uncursed tin opener Spells and supernatural/magical abilities: Name Level Category Fail Memory W - pray for help -- divine ? -- Your skills at the end: Miscellaneous Skills wands [Basic] Weapon Skills dart [Basic] Spellcasting Skills Final Attributes: You were devoutly aligned. You had infravision. You were very stealthy. You survived. Vanquished creatures: 3 hill orcs Voluntary challenges: You went without food. You did not adorn yourself with jewelry or accessories. You did not cause conflict. You were not invisible. You did not have reflection. You were not displaced. You were an atheist. You never hit with a wielded weapon. You were a pacifist. You did not use tools. You did not use plumbed fixtures. You did not drink any magical draughts. You were illiterate. You never genocided any monsters. You never polymorphed an object. You never changed form. You used no wishes. You never split a pudding. You never wrote Elbereth's name. You never violated your personal moral code. Dungeon overview: The Dungeons of Doom: levels 1 to 28 Level 1 a long staircase Level 2 a long staircase Level 3 Level 4 Level 5 Level 6 Level 7 Level 8 Level 9 Level 10 Level 11 Level 12 an armor shop Level 13 Level 14 Level 15 Level 16 Level 17 Level 18 Level 19 a sink Level 20 Level 21 Level 22 Level 23 Level 24 Level 25 Level 26 Level 27 Level 28 <- You were here History has recorded: On T:1 you entered the Dungeons of Doom to retrieve the Amulet of Yendor! On T:5 you reached level 2 of The Dungeons of Doom. On T:7 you reached level 3 of The Dungeons of Doom. On T:10 you reached level 4 of The Dungeons of Doom. On T:12 you reached level 5 of The Dungeons of Doom. On T:14 you reached level 6 of The Dungeons of Doom. On T:16 you reached level 7 of The Dungeons of Doom. On T:19 you reached level 8 of The Dungeons of Doom. On T:21 you reached level 9 of The Dungeons of Doom. On T:23 you reached level 10 of The Dungeons of Doom. On T:27 you reached level 11 of The Dungeons of Doom. On T:29 you reached level 12 of The Dungeons of Doom. On T:31 you reached level 13 of The Dungeons of Doom. On T:34 you reached level 14 of The Dungeons of Doom. On T:36 you reached level 15 of The Dungeons of Doom. On T:36 you entered the Rogue tribute level. On T:38 you reached level 16 of The Dungeons of Doom. On T:40 you reached level 17 of The Dungeons of Doom. On T:43 you reached level 18 of The Dungeons of Doom. On T:45 you reached level 19 of The Dungeons of Doom. On T:49 you reached level 20 of The Dungeons of Doom. On T:51 you reached level 21 of The Dungeons of Doom. On T:53 you reached level 22 of The Dungeons of Doom. On T:55 you reached level 23 of The Dungeons of Doom. On T:58 you reached level 24 of The Dungeons of Doom. On T:60 you reached level 25 of The Dungeons of Doom. On T:62 you reached level 26 of The Dungeons of Doom. On T:64 you reached level 27 of The Dungeons of Doom. On T:67 you reached level 28 of The Dungeons of Doom. Score breakdown: Gold: 0 ( 0 points) Experience: 1 level ( 0 points) Exploration: 28 levels ( 810 points) Discoveries: 0 items ( 0 points) Variety of kills: 1 monster ( 50 points) Major goal: (nothing yet) ( 0 points) Survival: quit (score multiplied by 3) Total score: 2580 Latest messages: You continue digging downward. You dig a hole through the floor. You fall through... You start digging downward. You continue digging downward. You dig a pit in the floor. You continue digging downward. You dig a hole through the floor. You fall through... You start digging downward. You continue digging downward. You dig a pit in the floor. You continue digging downward. You dig a hole through the floor. You fall through... You start digging downward. You continue digging downward. You dig a pit in the floor. You continue digging downward. You dig a hole through the floor. You fall through... That command is only available in debug mode. Final status: Aloha omghax the Tourist, quit... You quit in The Dungeons of Doom on dungeon level 28 with 2580 points, and 856 pieces of gold, after 67 moves. You were level 1 with a maximum of 9 hit points when you quit.